 Dungeon Crawl Stone Soup version 0.24.0-123-gd5b16e6ec5 (webtiles) character file.

Game seed: 17194956238442749600, levelgen mode: deterministic

2345 Teneriaft the Grappler (level 9, -10/88 HPs)
             Began as a Troll Hunter on Jan 3, 2020.
             Was a Follower of Okawaru.
             Mangled by an orc warrior
             ... wielding a +0 mace
              (19 damage)
             ... on level 6 of the Dungeon.
             The game lasted 00:19:33 (5388 turns).

Teneriaft the Grappler (Troll Hunter)               Turns: 5388, Time: 00:19:33

Health: -10/88     AC:  9    Str: 22    XL:     9   Next: 20%
Magic:  9/9        EV: 12    Int:  7    God:    Okawaru [*.....]
Gold:   203        SH:  0    Dex: 13    Spells: 7/8 levels left

rFire    . . .     SeeInvis .     - Unarmed
rCold    . . .     Gourm    +   (no shield)
rNeg     + . .     Faith    .   b - +0 robe
rPois    .         Spirit   .   (helmet restricted)
rElec    .         Reflect  .   (no cloak)
rCorr    .         Harm     .   (gloves unavailable)
MR       .....                  (boots unavailable)
Stlth    +.........             (no amulet)
HPRegen  0.64/turn              u - ring of positive energy
MPRegen  0.11/turn              v - +3 ring of protection

@: hasted, very quick
A: large, unfitting armour, claws 3, fast metabolism 3, gourmand, regeneration
1, shaggy fur 1, tough skin 3
a: Heroism, Renounce Religion


You were on level 6 of the Dungeon.
You worshipped Okawaru.
Okawaru was aware of your devotion.
You were full.

You visited 2 branches of the dungeon, and saw 8 of its levels.
You also visited: Sewer.

You collected 333 gold pieces.
You spent 130 gold pieces at shops.

Inventory:

Missiles
 c - 5 large rocks (quivered)
 d - 2 throwing nets
 j - 43 poisoned darts
Armour
 b - a +0 robe (worn)
 m - a +0 robe of cold resistance
 w - a +2 robe of magic resistance
Jewellery
 k - an uncursed ring of flight
 q - an uncursed ring of resist corrosion
 s - a +4 ring of evasion
 u - a ring of positive energy (left claw)
 v - a +3 ring of protection (right claw)
Wands
 a - a wand of random effects (11)
 r - a wand of clouds (8)
Scrolls
 t - 2 scrolls of remove curse
 x - 3 scrolls of magic mapping
 y - a scroll of fog {unknown}
 A - a scroll of teleportation
Potions
 e - a potion of degeneration {unknown}
 g - 2 potions of flight {unknown}
 h - a potion of berserk rage {unknown}
 i - 2 potions of cancellation {unknown}
 l - 8 potions of curing
 n - 2 potions of might {unknown}
 p - a potion of heal wounds {unknown}
 z - a potion of magic {unknown}
Comestibles
 f - 14 rations


   Skills:
 + Level 5.2 Fighting
 - Level 3.6 Throwing
 + Level 5.2 Dodging
 - Level 0.3 Stealth
 + Level 8.2 Unarmed Combat
 * Level 2.5 Invocations


You had 7 spell levels left.
You knew the following spells:

 Your Spells              Type           Power        Failure   Level  Hunger
a - Confusing Touch       Hex            #.....       43%         1    ##.....

Your spell library contained the following spells:

 Spells                   Type           Power        Failure   Level  Hunger
 Corona                   Hex            #......      43%         1    ##.....
 Infusion                 Chrm           #...         43%         1    ##.....
 Pain                     Necr           #...         43%         1    ##.....
 Ensorcelled Hibernation  Hex/Ice        #.....       56%         2    ###....
 Confuse                  Hex            #.......     80%         3    ####...
 Dazzling Spray           Conj/Hex       #.....       80%         3    ####...
 Gell's Gravitas          Tloc           #.........   80%         3    ####...
 Tukima's Dance           Hex            #.......     80%         3    ####...
 Animate Dead             Necr           N/A          99%         4    #####..
 Petrify                  Tmut/Erth      #.......     99%         4    #####..
 Borgnjor's Vile Clutch   Necr/Erth      #.........   100%        5    ######.
 Metabolic Englaciation   Hex/Ice        #.........   100%        5    ######.
 Yara's Violent Unravell  Hex/Tmut       #.........   100%        5    ######.
 Simulacrum               Ice/Necr       #.........   100%        6    #######


Dungeon Overview and Level Annotations

Branches:
Dungeon (7/15)             Temple (1/1) D:6           Sewer (visited)

Altars:
Dithmenos
Fedhas
Gozag
Hepliaklqana
Kikubaaqudgha
Okawaru
Qazlal
Ru
Wu Jian
Yredelemnul
Zin

Shops:
D:5 ((![[


Innate Abilities, Weirdness & Mutations

You are too large for most types of armour.
You have claws for hands.
Your metabolism is lightning-fast.
You like to eat raw meat.
Your natural rate of healing is unusually fast.
You are covered in fur. (AC +1)
You have extremely tough skin. (AC +3)


Message History

The magic dart hits you.
* * * LOW HITPOINT WARNING * * *
You claw the hound!
The hound is almost dead.
The hound misses you.
The orc warrior hits you with a +0 mace.
* * * LOW HITPOINT WARNING * * *
You claw the hound!
You kill the hound!
Okawaru accepts your kill. Something hits you.
* * * LOW HITPOINT WARNING * * *
You feel yourself speed up.
The orc warrior hits you with a +0 mace!
* * * LOW HITPOINT WARNING * * *
Something hits you but does no damage.
A magic dart appears from out of thin air!
The magic dart hits you but does no damage.
The orc warrior hits you with a +0 mace!!
You die...

..# #..# ###
#..##### #......#
####.###.##
#.......#.####
#.#.)..###...#
#.#...## ##..#
#.##.## ##.#
#.....## ##@.#
######......# #)o.#
........[###.#{##.#
#####...## ..# #.#
#......# ....# #.#
##.#.#..#.#.# # #.#
.......##.... #.#
...#.#....#. #.#
.......##...


You could see an orc warrior.

Vanquished Creatures
  A two-headed ogre (D:5)
  The ghost of raetorn the Chopper, an amateur HOFi (D:5)
  Eustachio (D:6)
  Menkaure (D:6)
  A phantom (D:5)
  3 ogres (D:4)
  A centaur (D:6)
  A big kobold (Sewer)
  A bullfrog (D:6)
  A scorpion (D:5)
  3 wights (D:6)
  A howler monkey (D:5)
  2 hounds
  2 bullfrog zombies (D:5)
  2 orc priests
  A bullfrog skeleton (D:5)
  Crazy Yiuf (D:5)
  An orc wizard (D:4)
  3 worker ants
  A hound skeleton (D:6)
  A gnoll (D:1)
  A howler monkey skeleton (D:6)
  3 river rats
  5 adders
  A shadow imp (D:3)
  An adder skeleton (D:5)
  5 worms
  A dart slug (D:4)
  13 leopard geckos
  12 orcs
  6 giant cockroaches
  9 goblins
  6 hobgoblins
  16 jackals
  2 quokkas
  7 bats
  5 frilled lizards
  9 kobolds
  10 rats
142 creatures vanquished.

Notes
Turn   | Place    | Note
-------+----------+-------------------------------------------
     0 | D:1      | Teneriaft the Troll Hunter began the quest for the Orb.
     0 | D:1      | Reached XP level 1. HP: 19/19 MP: 0/0
    70 | D:1      | Reached skill level 1 in Unarmed Combat
    72 | D:1      | Reached XP level 2. HP: 23/28 MP: 1/1
   250 | D:1      | Reached XP level 3. HP: 34/35 MP: 2/2
   407 | D:1      | Reached skill level 2 in Unarmed Combat
  1115 | D:2      | Reached XP level 4. HP: 42/42 MP: 3/3
  1630 | D:3      | Reached skill level 3 in Unarmed Combat
  1792 | D:3      | Reached XP level 5. HP: 50/50 MP: 4/4
  1826 | D:3      | Found a glowing drain.
  1842 | Sewer    | Entered a sewer
  1966 | Sewer    | Reached skill level 4 in Unarmed Combat
  2029 | Sewer    | Found a white marble altar of Elyvilon.
  2718 | D:4      | Reached XP level 6. HP: 57/59 MP: 5/5
  2770 | D:4      | Learned a level 1 spell: Confusing Touch
  3014 | D:4      | Reached skill level 5 in Unarmed Combat
  3014 | D:4      | Reached XP level 7. HP: 28/67 MP: 6/6
  3641 | D:5      | Entered Level 5 of the Dungeon
  3677 | D:5      | Found Ufyroico's Distillery.
  3741 | D:5      | Bought a potion of haste for 130 gold pieces
  3754 | D:5      | Found Zuewne's Armour Emporium.
  3754 | D:5      | Noticed a two-headed ogre
  3763 | D:5      | Found a runed translucent door.
  3764 | D:5      | Noticed Crazy Yiuf
  3769 | D:5      | Killed Crazy Yiuf
  3990 | D:5      | Killed a two-headed ogre
  3990 | D:5      | Reached skill level 7 in Unarmed Combat
  3990 | D:5      | Reached XP level 8. HP: 35/79 MP: 7/7
  4104 | D:5      | Found Yruefarhi's Antique Weapon Boutique.
  4159 | D:5      | Found Foix's Armour Shoppe.
  4297 | D:5      | Found Pehiczepn's Weapon Emporium.
  4303 | D:5      | Found a runed translucent door.
  4404 | D:5      | Noticed raetorn's ghost (amateur HOFi)
  4417 | D:5      | Killed raetorn's ghost
  4421 | D:5      | Identified the Papyrus of Polytheism
  4766 | D:6      | Found a staircase to the Ecumenical Temple.
  4773 | Temple   | Entered the Ecumenical Temple
  4791 | Temple   | Became a worshipper of Warmaster Okawaru
  4847 | D:6      | Reached skill level 8 in Unarmed Combat
  4877 | D:6      | Noticed Menkaure
  4885 | D:6      | Killed Menkaure
  4885 | D:6      | Reached skill level 5 in Fighting
  4885 | D:6      | Reached skill level 5 in Dodging
  4885 | D:6      | Reached skill level 1 in Invocations
  5034 | D:6      | Reached XP level 9. HP: 85/88 MP: 7/9
  5116 | D:6      | You fall into a shaft and drop 1 floor!
  5207 | D:6      | Noticed Eustachio
  5224 | D:6      | Killed Eustachio
  5254 | D:6      | Reached * piety under Okawaru
  5388 | D:6      | Mangled by an orc warrior

Levels and vault maps discovered:
D:1:      lightli_arrival_lavapool, layout_basic
D:2:      layout_basic, st_stairs_4
D:3:      layout_basic, gup_sewer_entry_bubbles, minmay_diced_spiral
D:4:      layout_basic, first_ration, st_stairs_13, small_statue_intersection,
          minmay_increasing_density
D:5:      layout_basic, serial_shops, shop,
          nicolae_shop_temple_entry_statues_fountains, nicolae_shop_crystal,
          shop, shop, ebering_ghost_inner_flame, abandoned_shop,
          uniq_crazy_yiuf_cottage
D:6:      layout_loops_ring, minmay_temple_entry_glass, serial_glass,
          glass_columns_c, glass_columns_b, glass_columns_a, glass_columns_a,
          glass_columns_a, glass_columns_a, glass_columns_a, glass_columns_a,
          glass_columns_a, glass_columns_a, glass_columns_a, glass_columns_c,
          glass_columns_a, glass_columns_c, uniq_eustachio, uniq_menkaure
D:7:      kennysheep_windowed_halls, layout_loops_ring, led_sif_book,
          serial_shops, nicolae_shop_statue_plus
Temple:   grunt_wide_crystal_templ

Skill      XL: |  1  2  3  4  5  6  7  8  9 |
---------------+----------------------------+-----
Unarmed Combat | 1 2 3 4 5 7 8 |  8.2
Fighting       | 2 3 4 5 |  5.2
Dodging        | 2 3 4 5 |  5.2
Invocations    | 1 2 |  2.5
Throwing       | |  3.6
Stealth        | |  0.3

Action                   |  1- 3 |  4- 6 |  7- 9 || total
-------------------------+-------+-------+-------++-------
Melee: Unarmed           |   139 |   180 |   155 ||   474
       Punch             |       |       |     4 ||     4
Throw: Large rock        |       |     2 |       ||     2
 Abil: Stop Flying       |       |     1 |       ||     1
       Evoke Flight      |       |     1 |       ||     1
Evoke: Wand              |       |       |    10 ||    10
  Use: Scroll            |       |     3 |     7 ||    10
       Potion            |       |       |     2 ||     2
 Stab: Sleeping          |     1 |     1 |       ||     2
  Eat: Chunk             |    16 |    18 |    19 ||    53
Armor: Robe              |    45 |    75 |    49 ||   169
Dodge: Dodged            |    77 |   104 |    70 ||   251
